 Dungeon Crawl Stone Soup version 0.28.0-43-g3370ac3207 (webtiles) character file.

Game seed: 14744788096545828422

46 H0rd4k the Magician (level 3, 0/19 HPs)
             Began as a Deep Elf Hedge Wizard on Mar 11, 2022.
             Slain by an ufetubus (3 damage)
             ... on level 2 of the Dungeon.
             The game lasted 00:01:14 (2048 turns).

H0rd4k the Magician (Deep Elf Hedge Wizard)         Turns: 2048, Time: 00:01:15

Health: 0/19       AC:  2    Str:  7    XL:     3   Next: 44%
Magic:  4/12       EV: 12    Int: 20    God:
Gold:   22         SH:  0    Dex: 14    Spells: 4/13 levels left

rFire   . . .      SeeInvis .   a - +0 dagger
rCold   . . .      Faith    .   (no shield)
rNeg    . . .      Spirit   .   b - +0 robe
rPois   .          Reflect  .   c - +0 hat
rElec   .          Harm     .   (no cloak)
rCorr   .          Rampage  .   (no gloves)
Will    .....                   (no boots)
Stlth   ++........              (no amulet)
HPRegen 0.06/turn               (no ring)
MPRegen 0.13/turn               (no ring)

@: no status effects
A: no striking features
a: no special abilities


You were on level 2 of the Dungeon.
You visited 1 branch of the dungeon, and saw 2 of its levels.

You collected 22 gold pieces.

Inventory:

Hand Weapons
 a - a +0 dagger (weapon)
Armour
 b - a +0 robe (worn)
 c - a +0 hat (worn)
Scrolls
 e - a scroll of teleportation {unknown}
 g - a scroll of identify {unknown}
 i - a scroll of blinking {unknown}
Potions
 d - a potion of curing {unknown}
 f - a potion of ambrosia {unknown}
 h - a potion of lignification {unknown}
 j - a potion of heal wounds {unknown}


   Skills:
 + Level 0.1 Fighting
 + Level 2.6 Dodging
 - Level 2.4 Stealth
 + Level 5.6 Spellcasting
 + Level 1.7 Conjurations
 + Level 1.8 Summonings
 + Level 1.1 Translocations


You had 4 spell levels left.
You knew the following spells:

 Your Spells              Type           Power      Damage    Failure   Level
a - Magic Dart            Conj           48%        1d5       5%          1
b - Blink                 Tloc           20%        N/A       11%         2
c - Conjure Flame         Conj/Fire      9%         6-21      22%         3
d - Mephitic Cloud        Conj/Pois/Air  7%         N/A       26%         3

Your spell library contained the following spells:

 Spells                   Type           Power      Damage    Failure   Level
 Call Imp                 Summ           12%        N/A       8%          2
 Slow                     Hex            20%        N/A       11%         1


Dungeon Overview and Level Annotations

Branches:
Dungeon (2/15)

Altars:


Message History

The adder poisons you! The adder misses you.
The magic dart hits the adder.
The adder is severely wounded.
You feel sick. The ufetubus closely misses you. The ufetubus hits you.
The adder bites you.
The ufetubus hits you but does no damage.
The ufetubus closely misses you.
Your magical contamination has completely faded away.
You feel sick.
You are too injured to fight recklessly!
You are too injured to fight recklessly!
You are too injured to fight recklessly!
You are too injured to fight recklessly!
Casting: Magic Dart (safe; 6% risk of failure)
Confirm with . or Enter, or press ? or * to list all spells.
Aiming: Magic Dart (safe; 6% risk of failure)
Press: ? - help, Shift-Dir - straight line, f/p - adder
Aim: an adder (severely wounded, 100% to hit)
The magic dart hits the adder.
You kill the adder!
You feel sick. The ufetubus closely misses you.
The ufetubus hits you but does no damage.
Unknown command.
You feel sick.
You feel sick.
You are no longer poisoned.
The ufetubus hits you but does no damage.
The ufetubus misses you. The ufetubus hits you.
* * * LOW HITPOINT WARNING * * *
The ufetubus hits you but does no damage.
Casting: Magic Dart (safe; 5% risk of failure)
Confirm with . or Enter, or press ? or * to list all spells.
Aiming: Magic Dart (safe; 5% risk of failure)
Press: ? - help, Shift-Dir - straight line, f - ufetubus
Aim: an ufetubus (100% to hit)
The magic dart hits the ufetubus.
The ufetubus is moderately wounded.
The ufetubus hits you.
You die...

...[<#.......#####.##.#
###..#..<
############.##....##.#
#.##.#. #....#####.# #.
#.#. ####.# #.# #. ....
###.# #.# #.#..##
##...# ###.#..# #..#.##
.##.#..# ##<##<.# .#
##..###@#### .# ##..##
#.5..# .# # #..##
####.## .##.# ###.##
#..###)...# #...#
##......# #.###
####.....# #######.#
#....## .†......#
..#..# .######## .##..#


You could see an ufetubus.

Vanquished Creatures
  2 adders (D:2)
  A worm (D:2)
  A dart slug (D:1)
  An endoplasm (D:1)
  A goblin (D:1)
  3 jackals (D:1)
  2 kobolds
  2 quokkas
  A ball python (D:1)
  7 bats
  A frilled lizard (D:1)
  2 rats (D:1)
24 creatures vanquished.

Notes
Turn   | Place    | Note
-------+----------+-------------------------------------------
     0 | D:1      | H0rd4k the Deep Elf Hedge Wizard began the quest for the
                  | Orb.
     0 | D:1      | Reached XP level 1. HP: 10/10 MP: 7/7
   512 | D:1      | Reached skill level 5 in Spellcasting
   512 | D:1      | Reached XP level 2. HP: 15/15 MP: 7/10
   786 | D:1      | Found a faded altar of an unknown god.
  1570 | D:2      | Reached XP level 3. HP: 19/19 MP: 4/11
  1573 | D:2      | Learned a level 2 spell: Blink
  1577 | D:2      | Learned a level 3 spell: Conjure Flame
  1581 | D:2      | Learned a level 3 spell: Mephitic Cloud
  2048 | D:2      | Slain by an ufetubus

Illustrated notes

Levels and vault maps discovered:
D:1:      lemuel_arrival_funnel, layout_basic, shapermc_ecumenical_altar_ellora,
          interstate_on_off
D:2:      layout_rooms, minmay_split_cup_large

Skill      XL: |  1 |
---------------+----+-----
Spellcasting   | 5 |  5.6
Fighting       | |  0.1
Dodging        | |  2.6
Stealth        | |  2.4
Conjurations   | |  1.7
Summonings     | |  1.8
Translocations | |  1.1

Action                   || total
-------------------------++-------
Melee: Dagger            ||     5
 Cast: Magic Dart        ||    80
Armor: Robe              ||     8
Dodge: Dodged            ||    23
